Map: Odyssey LE

Players

NoRegreT - Winner!

  • Race: Zerg Zerg
  • Spawn Location: 11:00

AdminA

  • Race: Protoss Protoss
  • Spawn Location: 5:00

Event: WCS Montreal 2017

VOD

Have the link to the VOD?

Description

Time

  • Played on: Sept. 8, 2017, 1:53 p.m.
  • Length: 2:31

All games in this series

Show
View Real Time Build Order
Export as new Build Order

NoRegreT Zerg - Winner!

Build Orders: Pool First 

Get SALT Encoding   

  12  0:17  Spawning Pool  
  11  0:21  Drone  
  11  0:27  Drone  
  13  0:31  Drone  
  14  0:36  Extractor  
  13  0:43  Overlord  
  13  1:04  Zergling x4  
  13  1:05  Zergling x2  
  13  1:10  Queen  
  18  1:16  Zergling x2  
  19  1:26  Zergling x2  
  20  1:38  Zergling x2  
  21  1:59  Zergling x2  
  22  2:08  Hatchery  
Show
View Real Time Build Order
Export as new Build Order

AdminA Protoss 

Build Orders: 1 Gate Expand 

Get SALT Encoding   

  12  0:00  Probe (Chrono Boost)  
  13  0:11  Probe (Chrono Boost)  
  14  0:19  Pylon  
  14  0:22  Probe (Chrono Boost)  
  15  0:37  Probe (Chrono Boost)  
  15  0:39  Gateway  
  16  0:47  Probe (Chrono Boost)  
  17  0:50  Assimilator  
  17  0:58  Probe (Chrono Boost)  
  18  1:09  Probe (Chrono Boost)  
  19  1:19  Probe (Chrono Boost)  
  19  1:23  Nexus  
  20  1:32  Zealot (Chrono Boost)  
  22  1:39  Cybernetics Core  
  22  1:52  Pylon  
  21  1:56  Zealot (Chrono Boost)  
  23  2:10  Probe  
  23  2:15  Assimilator  
Tags
 
Add a new tag
Caveats
  • Supply blocks, unpowered buildings, or Contaminate may cause inaccurate times.
  • Supply counts are checked every 10 seconds.